 Dungeon Crawl Stone Soup version 0.22.0 (webtiles) character file.

12260 Blackhawk the Envoy of Void (level 12, 0/98 HPs)
             Began as a Formicid Abyssal Knight on Oct 25, 2018.
             Was a High Priest of Lugonu.
             Slain by a troll (9 damage)
             ... on level 11 of the Dungeon.
             The game lasted 00:50:27 (16506 turns).

Blackhawk the Envoy of Void (FoAK)                 Turns: 16506, Time: 00:50:27

Health: 0/98       AC: 14    Str: 22    XL:     12   Next: 18%
Magic:  20/20      EV: 12    Int: 12    God:    Lugonu [*****.]
Gold:   689        SH:  0    Dex: 10    Spells: 11/11 levels left

rFire    + . .     SeeInvis +   o - +2 lajatang (protect)
rCold    . . .     Gourm    .   (no shield)
rNeg     + . .     Faith    .   N - +0 troll leather armour
rPois    +         Spirit   .   (helmet unavailable)
rElec    .         Reflect  .   (no cloak)
rCorr    +         Harm     .   O - +0 pair of gloves
MR       .....                  (no boots)
Stlth    +.........             (no amulet)
HPRegen  0.66/turn              y - ring "Rapsod" {rCorr rPois rF+ MR- Slay+5}
MPRegen  0.17/turn              x - ring of positive energy

@: protection aura
A: permanent stasis, dig shafts and tunnels, four strong arms, antennae 3
a: Dig, Shaft Self, Depart the Abyss, Bend Space, Banish, Corrupt, Enter the
Abyss, Renounce Religion


You were on level 11 of the Dungeon.
You worshipped Lugonu.
Lugonu was extremely pleased with you.
You were not hungry.

You visited 1 branch of the dungeon, and saw 12 of its levels.
You visited the Abyss 1 time.

You collected 689 gold pieces.

Inventory:

Hand Weapons
 a - a +1 mace
 k - a +0 flail of venom
 o - a +2 lajatang of protection (weapon)
 t - a +0 hunting sling
Missiles
 d - 362 stones (quivered)
 G - 30 sling bullets
Armour
 b - a +1 leather armour
 B - a +1 plate armour
 J - a +2 chain mail of fire resistance
 L - a +1 robe of cold resistance
 N - a +0 troll leather armour (worn)
 O - a +0 pair of gloves (worn)
Jewellery
 r - a +2 ring of evasion
 u - a +1 ring of protection
 x - a ring of positive energy (right hand)
 y - the ring "Rapsod" (left hand) {rCorr rPois rF+ MR- Slay+5}
   (You found it on level 6 of the Dungeon)

   [ring of resist corrosion]

   It affects your accuracy and damage with ranged weapons and melee attacks
   (+5).
   It protects you from fire.
   It protects you from poison.
   It affects your resistance to hostile enchantments.
Wands
 p - a wand of digging (37)
 E - a wand of random effects (18)
 H - a wand of paralysis (4)
 I - a wand of iceblast (15)
 M - a wand of polymorph (11)
Scrolls
 e - 4 scrolls of remove curse
 m - 2 scrolls of enchant armour
 s - 2 scrolls of fog
 C - a scroll of silence
 D - a scroll of enchant weapon
 K - a scroll of identify
Potions
 h - 4 potions of curing
 i - 2 potions of might
 j - 3 potions of agility {unknown}
 l - a potion of haste {unknown}
 n - a potion of heal wounds {unknown}
 q - 3 potions of lignification {unknown}
 v - a potion of berserk rage {unknown}
 w - a potion of cancellation {unknown}
 z - 2 potions of resistance {unknown}
 A - 3 potions of flight {unknown}
 F - a potion of degeneration {unknown}
Comestibles
 c - 23 rations


   Skills:
 + Level 10.5 Fighting
 * Level 8.4(9.0) Maces & Flails
 - Level 4.7(7.1) Staves
 + Level 10.3 Armour
 - Level 2.4 Dodging
 + Level 11.1 Invocations


You had 11 spell levels left.
You didn't know any spells.
Your spell library contained the following spells:

 Spells                   Type           Power        Failure   Level  Hunger
 Cause Fear               Hex            #.........   98%         4    #####..
 Slow                     Hex            #.......     50%         2    ###....
 Summon Small Mammal      Summ           #...         36%         1    ##.....
 Summon Ice Beast         Ice/Summ       #.......     98%         4    #####..
 Call Imp                 Summ           #.......     50%         2    ###....
 Call Canine Familiar     Summ           #.......     73%         3    ####...
 Corona                   Hex            #......      36%         1    ##.....
 Portal Projectile        Hex/Tloc       #.....       73%         3    ####...
 Leda's Liquefaction      Hex/Erth       #.........   98%         4    #####..
 Inner Flame              Hex/Fire       #.......     73%         3    ####...
 Summon Lightning Spire   Summ/Air       #.......     98%         4    #####..
 Summon Guardian Golem    Hex/Summ       #.......     73%         3    ####...


Dungeon Overview and Level Annotations

Branches:
Dungeon (12/15)            Temple (0/1) D:7            Lair (0/6) D:9
    Orc (0/2) D:9

Altars:
Ashenzari
Cheibriados
Fedhas
Gozag
Hepliaklqana
Kikubaaqudgha
Makhleb
Nemelex Xobeh
Okawaru
Trog
Uskayaw
Vehumet
Xom

Shops:
D:5 }

Portals:
Ice
Cave: D:12


Innate Abilities, Weirdness & Mutations

You cannot be hasted, slowed, berserked, paralysed or teleported.
You can dig through walls and to a lower floor.
Your four strong arms can wield two-handed weapons with a shield.
You have a pair of large antennae on your head. (SInv)


Message History

The troll barely misses you. x2; The troll claws you but does no damage.
You closely miss the troll.
The troll is lightly wounded.
The troll bites you!
* * * LOW HITPOINT WARNING * * *
The troll closely misses you. The troll claws you but does no damage.
You barely miss the troll.
The troll is lightly wounded.
The troll bites you.
* * * LOW HITPOINT WARNING * * *
The troll claws you.
* * * LOW HITPOINT WARNING * * *
The troll barely misses you.
You hit the troll but do no damage.
Your weapon exudes an aura of protection.
The troll is lightly wounded.
The troll bites you but does no damage. The troll claws you.
* * * LOW HITPOINT WARNING * * *
The troll claws you!
You die...

#.....#####.##.#.#.....
########..........##.#.#.....
#.....##..####.......#.#.....
#.....##..# #.#######.#.....
#.....##..# #.#.....#.#####.
#.....##..####.#.......#####.
#.....##..##.................
####.....##....T..####..........
#........'.....@[...............
#.##.....###.................#..
#.#...............####.......#.#
#.#......###.###### ##.........#
#.#......#.....# #.........##
#.#......#.#.#.# #.....#.....
#.#.######.#.#.######.....#.....
#.#.# #.#.#............##...#
##.#.######.#.########......#...#


You could see a troll.

Vanquished Creatures
  Fannar (D:11)
  A two-headed ogre (D:12)
  A manticore (D:11)
  2 cyclopes (D:11)
  2 trolls
  11 yaks
  A vampire (D:10)
  5 hungry ghosts
  A wyvern (D:9)
  A steam dragon (D:10)
  10 ice beasts
  2 sky beasts
  A black bear (D:11)
  3 orc warriors
  2 eyes of draining
  3 phantoms
  4 ogres
  A necrophage (D:8)
  7 centaurs
  A crocodile (D:8)
  A big kobold (D:7)
  5 bullfrogs
  3 scorpions
  6 killer bees
  15 wights
  5 howler monkeys
  An electric eel (D:9)
  4 crimson imps
  A centaur zombie (D:9)
  A bullfrog zombie (D:7)
  6 orc priests
  6 hounds
  6 jellies
  4 orc wizards
  3 centaur skeletons
  4 bullfrog skeletons
  3 iguanas
  11 worker ants
  A hound skeleton (D:7)
  A worker ant zombie (D:5)
  4 gnolls
  14 adders
  3 adder skeletons
  5 worms
  4 dart slugs
  7 leopard geckos
  23 orcs
  A giant cockroach (D:2)
  14 goblins
  10 hobgoblins
  15 jackals
  8 quokkas
  2 ball pythons
  6 bats
  2 frilled lizards
  8 kobolds
  2 leopard gecko skeletons
  A quokka skeleton (D:6)
  6 rats
282 creatures vanquished.

Vanquished Creatures (others)
  A komodo dragon (D:9)
  A wyvern skeleton (D:8)
  An adder zombie (D:8)
  4 plants (D:9)
7 creatures vanquished.

Grand Total: 289 creatures vanquished

Notes
Turn   | Place    | Note
-------+----------+-------------------------------------------
     0 | Abyss:1  | Blackhawk the Formicid Abyssal Knight began the quest for the Orb.
     0 | Abyss:1  | Reached XP level 1. HP: 18/18 MP: 2/2
     0 | D:1      | Escaped the Abyss
    36 | D:1      | Reached skill level 1 in Dodging
    95 | D:1      | Reached XP level 2. HP: 24/24 MP: 3/3
   115 | D:1      | Reached * piety under Lugonu
   571 | D:1      | Reached XP level 3. HP: 21/29 MP: 4/4
  1183 | D:2      | Reached XP level 4. HP: 34/37 MP: 6/6
  1325 | D:2      | Reached skill level 3 in Invocations
  1620 | D:2      | Reached ** piety under Lugonu
  1993 | D:2      | Reached XP level 5. HP: 36/42 MP: 7/7
  2419 | D:2      | Found an iron altar of Okawaru.
  2947 | D:3      | Reached XP level 6. HP: 17/48 MP: 8/8
  4009 | D:3      | Reached skill level 4 in Invocations
  4157 | D:3      | Reached *** piety under Lugonu
  4203 | D:3      | Reached XP level 7. HP: 38/55 MP: 10/10
  4535 | D:4      | Found an ancient bone altar of Kikubaaqudgha.
  4731 | D:4      | Found a sparkling altar of Nemelex Xobeh.
  4735 | D:4      | Found an iron altar of Okawaru.
  5556 | D:5      | Entered Level 5 of the Dungeon
  5566 | D:5      | HP: 2/55 [ice beast (6)]
  5567 | D:5      | Reached skill level 5 in Fighting
  6353 | D:5      | Reached skill level 5 in Invocations
  6399 | D:5      | Found a shattered altar of Ashenzari.
  6625 | D:5      | Found Poklig's Gadget Boutique.
  6645 | D:5      | Found a shimmering altar of Xom.
  6645 | D:5      | Found a hide-covered altar of Uskayaw.
  6650 | D:5      | Found a bloodstained altar of Trog.
  6652 | D:5      | Found a faded altar of an unknown god.
  6653 | D:5      | Found a blossoming altar of Fedhas.
  6752 | D:5      | Reached XP level 8. HP: 55/62 MP: 11/11
  6834 | D:6      | Reached skill level 5 in Armour
  7822 | D:6      | Reached skill level 5 in Maces & Flails
  7854 | D:6      | Reached skill level 6 in Invocations
  8223 | D:6      | Got a crude ivory ring
  8342 | D:6      | Found an opulent altar of Gozag.
  8501 | D:7      | Identified the ring "Rapsod" {rCorr rPois rF+ MR- Slay+5} (You found it on level 6 of the Dungeon)
  8596 | D:7      | Found a burning altar of Makhleb.
  8830 | D:7      | Reached XP level 9. HP: 69/71 MP: 13/13
  9181 | D:7      | Reached **** piety under Lugonu
  9228 | D:7      | Reached skill level 7 in Invocations
  9716 | D:7      | Found a staircase to the Ecumenical Temple.
 10554 | D:8      | Reached XP level 10. HP: 64/80 MP: 15/15
 10637 | D:8      | Reached skill level 8 in Invocations
 11038 | D:8      | Found a radiant altar of Vehumet.
 11594 | D:9      | Found a hazy altar of Hepliaklqana.
 12101 | D:9      | Found a staircase to the Lair.
 12102 | D:9      | Noticed a komodo dragon
 12126 | D:9      | Banished a komodo dragon
 12126 | D:9      | Reached skill level 9 in Invocations
 12353 | D:9      | Found a snail-covered altar of Cheibriados.
 12814 | D:9      | Found a staircase to the Orcish Mines.
 13120 | D:9      | Identified a scroll of acquirement
 13125 | D:10     | Entered Level 10 of the Dungeon
 13486 | D:10     | Reached skill level 1 in Staves
 13486 | D:10     | Reached XP level 11. HP: 76/89 MP: 18/18
 13817 | D:10     | Reached ***** piety under Lugonu
 13898 | D:10     | Reached skill level 10 in Invocations
 14382 | D:11     | Noticed a cyclops
 14548 | D:11     | Killed a cyclops
 15083 | D:11     | Found a shattered altar of Ashenzari.
 15176 | D:11     | Noticed a manticore
 15191 | D:11     | Killed a manticore
 15209 | D:11     | Noticed Fannar
 15243 | D:11     | Killed Fannar
 15243 | D:11     | Reached skill level 10 in Fighting
 15610 | D:11     | Noticed a cyclops
 15616 | D:11     | Killed a cyclops
 16134 | D:12     | Reached skill level 10 in Armour
 16151 | D:12     | Noticed a two-headed ogre
 16166 | D:12     | Killed a two-headed ogre
 16166 | D:12     | Reached XP level 12. HP: 84/98 MP: 20/20
 16235 | D:12     | Reached skill level 11 in Invocations
 16353 | D:12     | Found a frozen archway.
 16449 | D:12     | Noticed a two-headed ogre
 16506 | D:11     | Slain by a troll

Skill      XL: |  1  2  3  4  5  6  7  8  9 10 11 12 |
---------------+-------------------------------------+-----
Dodging        | 1 2 |  2.4
Invocations    | 3 4 5 6 7 9 10 11 | 11.1
Armour         | 3 4 6 7 8 10 | 10.3
Fighting       | 4 5 6 7 9 10 | 10.5
Maces & Flails | 3 4 5 6 7 8 |  8.4
Staves         | 1 4 |  4.7

Action                   |  1- 3 |  4- 6 |  7- 9 | 10-12 || total
-------------------------+-------+-------+-------+-------++-------
Melee: Mace              |    93 |   178 |       |       ||   271
       Flail             |       |    37 |   332 |   203 ||   572
       Lajatang          |       |       |       |   278 ||   278
 Fire: Hunting sling     |       |       |    10 |       ||    10
Invok: Depart the Abyss  |     1 |       |       |       ||     1
       Banish            |       |       |       |     1 ||     1
 Abil: Dig               |       |     2 |     9 |    16 ||    27
  Use: Potion            |       |     1 |       |       ||     1
       Scroll            |       |       |     8 |     6 ||    14
 Stab: Distracted        |       |     1 |       |       ||     1
  Eat: Chunk             |     1 |     9 |    21 |    22 ||    53
       Ration            |       |       |     2 |     3 ||     5
Armor: Leather armour    |    24 |    59 |    39 |       ||   122
       Plate armour      |       |       |    39 |   134 ||   173
       Chain mail        |       |       |       |   127 ||   127
       Troll leather arm |       |       |       |     5 ||     5
Dodge: Dodged            |    66 |   139 |   168 |   197 ||   570
